 Dungeon Crawl Stone Soup version 0.30-b1-2-g02819fbbbe (webtiles) character file.

Game seed: 17756931407135049341

56058 sanka the Sensei (level 15, -4/101 (115) HPs)
             Began as a Meteoran Monk on May 13, 2023.
             Was the Champion of Ru.
             Slain by a sun demon (18 damage)
             ... summoned by an orc sorcerer
             ... on level 2 of the Orcish Mines.
             The game lasted 00:56:37 (9424 turns).

sanka the Sensei (Meteoran Monk)                    Turns: 9424, Time: 00:56:38

HP:   -4/101 (115)  AC: 16    Str: 17    XL:     15   Next: 63%
MP:   16/16         EV: 19    Int: 15    God:    Ru [******]
Gold: 1540          SH:  0    Dex: 21    Spells: 11/14 levels left

rFire   . .          .
                       - Unarmed
rCold   + . .        (shield unavailable)
rNeg    . . .        v - +5 scale mail of the Fiend {rC+ Int+3 Slay+2}
rPois   .            z - +0 helmet
rElec   .            t - +1 cloak {Stlth+}
rCorr   .            w - +0 pair of gloves
SInv    .            H - +0 pair of boots
Will    ++...        (no amulet)
Stlth   +            (ring unavailable)
HPRegen 0.36/turn    j - ring of willpower
MPRegen 0.15/turn

%: no passive effects
@: glowing, studying 2 skills, heavily drained
A: sense surroundings 2, screaming 1, missing a hand, inability to use devices,
hated by all, otherworldly, glowing, explore regen
a: Renounce Religion, Draw Out Power, Power Leap, Apocalypse


You were on level 2 of the Orcish Mines.
You worshipped Ru.
Ru was exalted by your worship.
You visited 4 branches of the dungeon, and saw 17 of its levels.

You collected 2508 gold pieces.
You spent 968 gold pieces at shops.

Inventory:

Hand Weapons
 p - the +7 mace of Cofelim {heavy, Dex+4}
   (You found it on level 3 of the Dungeon)

   Dex:       It affects your dexterity (+4).
 q - a +0 dagger of draining
 s - a +4 quarterstaff of chaos
 J - the +4 dagger of Lus Zise {drain, *Slow rElec rF++ SInv}
   (You found it on level 3 of the Lair of Beasts)

   rF:        It greatly protects you from fire.
   rElec:     It insulates you from electricity.
   SInv:      It lets you see invisible.
   *Slow:     It may slow you when you take damage.
Missiles
 A - 21 poisoned darts (quivered)
 E - 2 curare-tipped darts {=f}
Armour
 t - a +1 cloak of stealth (worn)
 v - the +5 scale mail of the Fiend (worn) {rC+ Int+3 Slay+2}
   (You found it on level 4 of the Dungeon)

   Int:       It affects your intelligence (+3).
   Slay:      It affects your accuracy & damage with ranged weapons and melee
   (+2).
   rC:        It protects you from cold.
 w - a +0 pair of gloves (worn)
 z - a +0 helmet (worn)
 H - a +0 pair of boots (worn)
 M - the +1 robe "Wiykhliv" {rElec rC+}
   (You found it on level 5 of the Lair of Beasts)

   rC:        It protects you from cold.
   rElec:     It insulates you from electricity.
Jewellery
 j - a ring of willpower (right hand)
 k - a ring of protection from cold
 F - a ring of poison resistance
Scrolls
 c - 2 scrolls of magic mapping
 d - 4 scrolls of fog
 f - 5 scrolls of fear
 h - 4 scrolls of amnesia
 m - a scroll of enchant weapon
 o - 4 scrolls of teleportation {@r4}
 u - a scroll of enchant armour
 x - a scroll of blinking
 y - 3 scrolls of noise {!r}
 B - 2 scrolls of vulnerability {!r}
 L - a scroll of torment {!r}
Potions
 a - a potion of might
 b - a potion of ambrosia
 e - 4 potions of resistance
 g - a potion of brilliance
 i - 2 potions of mutation {!q}
 l - a potion of lignification {!q}
 n - 7 potions of curing {@q1}
 r - 2 potions of heal wounds {@q2}
 C - 3 potions of flight
 D - a potion of haste {unknown}
 G - a potion of degeneration {unknown}
 I - a potion of magic {unknown}
 K - a potion of berserk rage {!q}
 N - 3 potions of attraction {!q}


   Skills:
 - Level 15.0 Fighting
 - Level 15.0 Dodging
 + Level 23.7 Unarmed Combat


You had 11 spell levels left.
You knew the following spells:

 Your Spells              Type           Power      Damage    Failure   Level
a - Ozocubu's Armour      Ice            0%         N/A       96%         3

Your spell library contained the following spells:

 Spells                   Type           Power      Damage    Failure   Level
 Apportation              Tloc           0%         N/A       69%         1
 Kiss of Death            Conj/Necr      0%         2d5       69%         1
 Sandblast                Erth           0%         2d4       69%         1
 Sting                    Tmut/Pois      0%         1d3       69%         1
 Passwall                 Tmut/Erth      0%         N/A       83%         2
 Poisonous Vapours        Pois/Air       0%         N/A       83%         2
 Confusing Touch          Hex            0%         N/A       96%         3
 Portal Projectile        Hex/Tloc       0%         N/A       96%         3
 Stone Arrow              Conj/Erth      0%         3d7       96%         3
 Dispel Undead            Necr           0%         3d6       100%        4
 Leda's Liquefaction      Hex/Erth       0%         N/A       100%        4
 Olgreb's Toxic Radiance  Pois           0%         N/A       100%        4
 Alistair's Intoxication  Tmut/Pois      0%         N/A       100%        5
 Metabolic Englaciation   Hex/Ice        0%         N/A       100%        5
 Call Canine Familiar     Summ           Unusable   N/A       N/A         3
 Simulacrum               Ice/Necr       Unusable   N/A       N/A         6

Dungeon Overview and Level Annotations

Branches:
Dungeon (9/15) Zot: 267    Temple (1/1) D:5 Zot: 575    Lair (5/5) D:8 Zot: 178
  Swamp (0/4) Lair:2       Spider (0/4) Lair:3        Slime (0/5) Lair:5
    Orc (2/2) D:9 Zot: 421     Elf (0/3) Orc:2

Altars:
Ashenzari
Cheibriados
Dithmenos
Elyvilon
Gozag
Kikubaaqudgha
Nemelex Xobeh
Okawaru
Qazlal
Ru
Sif Muna
Uskayaw
Vehumet
Wu Jian
Xom
The Shining One

Shops:
D:6 *   D:8 (*   Orc:2 !

Annotations:
D:3 3 runed translucent doors, Arcadio's ghost, weakling DsEn; arta456's ghost, amateur HuCj
Lair:2 2 transporters, Vorhees's ghost, journeyman DjTm


Innate Abilities, Weirdness & Mutations

You passively map the area around you.
You occasionally shout uncontrollably at your foes.
You are missing a hand.
You cannot study or use magical devices.
You are hated by all.
You are easily found by Zot.
You glow in the dark.
You regain HP and MP as you explore.


Message History

The orc warlord is almost dead.
You redirect the orc high priest's attack!
The orc high priest mumbles some strange prayers to Beogh.
You punch the orc warlord!
You kill the orc warlord!
The orc wizard begins to cast a spell, but is stunned by your conviction!
You punch the orc knight!
The orc knight is severely wounded.
You barely miss the orc knight.
The orc knight is severely wounded.
The orc sorcerer no longer looks unusually strong.
The orc knight begins to attack, but is stunned by your conviction!
The orc sorcerer mumbles some strange words.
You punch the orc knight!
The orc knight is almost dead.
The orc knight roars a battlecry!
The orc sorcerer goes into a battle-frenzy!
The orc sorcerer mumbles some strange words.
You punch the orc knight!
You kill the orc knight!
You closely miss the sun demon.
The sun demon is stunned by your conviction and fails to attack.
You miss the sun demon.
You feel less exhausted.
The orc sorcerer gestures wildly while chanting.
The sun demon is stunned by your conviction and fails to attack.
Things that are here:
a +0 dagger; a +0 robe You punch the sun demon!
The sun demon is lightly wounded.
The orc wizard mumbles some strange words.
The orc wizard flickers and vanishes!
Deactivating autopickup; reactivate with Ctrl-A.
The sun demon hits you!
You are engulfed in flames!
* * * LOW HITPOINT WARNING * * *
Unknown command.
The sun demon attacks as you move away! The sun demon hits you.
* * * LOW HITPOINT WARNING * * *
You are engulfed in flames!!
You die...

###.....##.#.## ### .#
.##...........# ##.# ,...
...........#.## #... #...
...........# ##.## ##...#
......#...## #...#####.#.##
......##...### #####..)...#.....#
..#...#......###.##).))).......##
.....∩........#...##{o#).)......#
..............#)@3)oo##.....))...
...............############))...#
...............# #..)))...
.).............# #..))4)..
))[..^........)# #...))...
[[.[...........#* ,* #).o.)o..
#[###..........# ,,, #)..)....
##..##.........#


oooo.o... #..............# , ,, o)o.oo)... You could see an orc high priest
(strong), a sun demon (summoned), an orc sorcerer (strong) and an orc warrior
(strong).

Vanquished Creatures
  An orc warlord (Orc:2)
  Nessos (Lair:5)
  2 hydras
  A two-headed ogre (D:9)
  A boulder beetle (Lair:3)
  An orc high priest (Orc:2)
  11 death yaks
  2 skysharks
  Nergalle (Orc:1)
  Sonja (Orc:1)
  A lindwurm (Lair:5)
  3 orc knights (Orc:2)
  A wolf spider (Lair:5)
  A manticore (D:7)
  3 orc sorcerers (Orc:2)
  A cyclops (Orc:2)
  3 elephants (Lair:4)
  12 black mambas
  A guardian serpent (Lair:5)
  16 cane toads
  3 rime drakes
  2 komodo dragons (Lair:2)
  3 trolls (Orc:2)
  4 hornets
  2 polar bears
  Prince Ribbit (D:7)
  28 blink frogs
  2 jumping spiders (Lair:3)
  The ghost of NitroKuite the Changer, an amateur OpTm (D:5)
  Sigmund (D:2)
  13 wyverns
  35 yaks
  4 basilisks
  A redback (Lair:5)
  4 vampire mosquitoes (Lair:2)
  2 wargs
  27 water moccasins
  Duvessa (D:5)
  2 swamp drakes (Lair:5)
  20 orc warriors
  A black bear (Lair:2)
  2 ice beasts
  3 sky beasts
  6 ogres
  4 centaurs
  12 wolves
  A phantom (D:5)
  2 kobold brigands
  6 bullfrogs
  A gnoll sergeant (D:7)
  5 scorpions
  16 wights
  Dowan (D:5)
  14 killer bees
  2 howler monkeys (D:5)
  5 hounds
  13 jellies
  Crazy Yiuf (D:4)
  24 orc priests
  2 sleepcaps
  A gnoll bouda (Orc:2)
  Jessica (D:3)
  5 iguanas
  21 orc wizards
  12 gnolls
  12 adders
  A shadow imp (D:7)
  A white imp (D:7)
  An ufetubus (D:6)
  2 worms (D:5)
  3 dart slugs
  48 orcs
  6 ball pythons
  15 endoplasms
  3 giant cockroaches (D:1)
  4 goblins
  6 hobgoblins
  4 quokkas
  7 bats
  2 frilled lizards
  19 kobolds
  4 rats
519 creatures vanquished.

Vanquished Creatures (others)
  A wolf spider (Lair:5)
  A wyvern (Lair:5)
  A yak (Lair:2)
  A human (D:5)
  An orc priest (D:8)
  An iguana (D:7)
  An orc (Orc:2)
  A bush (Lair:5)
  30 fungi
  84 plants
122 creatures vanquished.

Grand Total: 641 creatures vanquished

Notes
Turn   | Place    | Note
-------+----------+-------------------------------------------
     0 | D:1      | sanka the Meteoran Monk began the quest for the Orb.
     0 | D:1      | Reached XP level 1. HP: 19/19 MP: 2/2
    54 | D:1      | Reached skill level 4 in Unarmed Combat
    72 | D:1      | Found a faded altar of an unknown god.
    78 | D:1      | Reached XP level 2. HP: 24/26 MP: 3/3
   307 | D:1      | Reached XP level 3. HP: 29/31 MP: 4/4
   377 | D:1      | Reached skill level 5 in Unarmed Combat
   625 | D:2      | Reached XP level 4. HP: 36/38 MP: 5/5
   686 | D:2      | Noticed Sigmund
   698 | D:2      | Killed Sigmund
   699 | D:2      | Reached skill level 7 in Unarmed Combat
   699 | D:2      | Reached XP level 5. HP: 45/45 MP: 6/6
   699 | D:2      | Reached XP level 6. HP: 51/51 MP: 7/7
  1073 | D:3      | Found a broken altar of Ashenzari.
  1110 | D:3      | Found an iron altar of Okawaru.
  1220 | D:3      | Found a runed translucent gate.
  1220 | D:3      | Found a runed translucent gate.
  1220 | D:3      | Found a runed translucent gate.
  1222 | D:3      | Noticed Arcadio's ghost (weakling DsEn)
  1222 | D:3      | Noticed arta456's ghost (amateur HuCj)
  1241 | D:3      | Reached skill level 8 in Unarmed Combat
  1269 | D:3      | Identified a scroll of acquirement
  1296 | D:3      | Found an ornate altar of the Wu Jian Council.
  1388 | D:3      | Identified the +7 mace of Cofelim {heavy, Dex+4}
  1401 | D:3      | Found a snail-covered altar of Cheibriados.
  1436 | D:3      | Noticed Jessica
  1443 | D:3      | Killed Jessica
  1444 | D:3      | Reached XP level 7. HP: 55/56 MP: 8/8
  1843 | D:4      | Identified the +0 scale mail "Caeto" {Rampage rF+ rCorr
                  | Int+4 Stlth-}
  1868 | D:4      | Found a runed translucent door.
  1869 | D:4      | Noticed Crazy Yiuf
  1880 | D:4      | Killed Crazy Yiuf
  1881 | D:4      | Reached skill level 9 in Unarmed Combat
  2193 | D:4      | Reached skill level 10 in Unarmed Combat
  2193 | D:4      | Reached XP level 8. HP: 51/63 MP: 9/9
  2239 | D:4      | Identified the +5 scale mail of the Fiend {rC+ Int+3
                  | Slay+2}
  2285 | D:5      | Entered Level 5 of the Dungeon
  2286 | D:5      | Noticed NitroKuite's ghost (amateur OpTm)
  2287 | D:5      | Found a transporter.
  2470 | D:5      | Found a white marble altar of Elyvilon.
  2470 | D:5      | Noticed Duvessa
  2483 | D:5      | Killed Duvessa
  2485 | D:5      | Noticed Dowan
  2498 | D:5      | Reached skill level 5 in Dodging
  2522 | D:5      | Killed Dowan
  2536 | D:5      | Found a staircase to the Ecumenical Temple.
  2544 | Temple   | Entered the Ecumenical Temple
  2557 | Temple   | Became a worshipper of Ru the Awakened
  2558 | Temple   | Gained mutation: You are missing a hand. [Ru sacrifice]
  2558 | Temple   | Reached * piety under Ru
  2558 | Temple   | Reached ** piety under Ru
  2558 | Temple   | Reached *** piety under Ru
  2584 | D:5      | Reached skill level 5 in Fighting
  2664 | D:5      | Gained mutation: You passively map the area around you.
                  | [Meteoran growth]
  2664 | D:5      | Reached XP level 9. HP: 53/74 MP: 10/10
  2837 | D:5      | Found an ancient bone altar of Kikubaaqudgha.
  2837 | D:5      | Found a transporter.
  2968 | D:5      | Glimpsed the power of Zot.
  2972 | D:5      | Killed NitroKuite's ghost
  3019 | D:5      | Glimpsed the power of Zot.
  3096 | D:6      | Reached skill level 11 in Unarmed Combat
  3348 | D:6      | Reached XP level 10. HP: 71/86 MP: 11/11
  3403 | D:6      | Found Cuocvoss's Serpentskin Sales.
  3427 | D:6      | Reached skill level 12 in Unarmed Combat
  3446 | D:6      | Bought 2 curare-tipped darts for 24 gold pieces
  3446 | D:6      | Bought a ring of poison resistance for 200 gold pieces
  3534 | D:6      | Found a glowing golden altar of the Shining One.
  3642 | D:7      | Reached skill level 13 in Unarmed Combat
  3669 | D:7      | Reached skill level 14 in Unarmed Combat
  3760 | D:7      | Noticed a manticore
  3772 | D:7      | Killed a manticore
  3887 | D:7      | Noticed Prince Ribbit
  3921 | D:7      | Reached skill level 15 in Unarmed Combat
  3938 | D:7      | Killed Prince Ribbit
  3939 | D:7      | Reached XP level 11. HP: 31/95 MP: 12/12
  4219 | D:7      | Glimpsed the power of Zot.
  4328 | D:8      | Gained mutation: You occasionally shout uncontrollably at
                  | your foes. [Ru sacrifice]
  4348 | D:8      | Reached skill level 16 in Unarmed Combat
  4536 | D:8      | Found Piyhai's Antique Weapon Shop.
  4569 | D:8      | Found a staircase to the Lair.
  4613 | D:8      | Reached skill level 10 in Dodging
  4647 | D:8      | Reached skill level 17 in Unarmed Combat
  4815 | D:8      | Found Zetsaut's Assorted Antiques.
  4847 | D:8      | Bought 2 potions of heal wounds for 250 gold pieces
  4847 | D:8      | Acquired 1120 gold pieces
  4849 | D:8      | Bought a scroll labelled DUEHAM ZUIGG for 25 gold pieces
  4849 | D:8      | Bought a scroll of identify for 50 gold pieces
  4849 | D:8      | Bought a pink potion for 22 gold pieces
  4849 | D:8      | Bought a pair of gloves for 112 gold pieces
  4865 | D:8      | Glimpsed the power of Zot.
  5088 | D:8      | Found a shimmering altar of Xom.
  5121 | Lair:1   | Entered Level 1 of the Lair of Beasts
  5197 | Lair:1   | Reached skill level 10 in Fighting
  5197 | Lair:1   | Reached skill level 18 in Unarmed Combat
  5260 | Lair:1   | Reached XP level 12. HP: 87/106 MP: 13/13
  5436 | Lair:1   | Reached skill level 19 in Unarmed Combat
  5509 | Lair:1   | Noticed a death yak
  5509 | Lair:1   | Noticed a death yak
  5510 | Lair:1   | Noticed a death yak
  5536 | Lair:1   | Killed a death yak
  5542 | Lair:1   | Killed a death yak
  5545 | Lair:1   | Killed a death yak
  5604 | Lair:1   | Gained mutation: You are hated by all. [Ru sacrifice]
  5604 | Lair:1   | Reached **** piety under Ru
  5604 | Lair:1   | Reached ***** piety under Ru
  5700 | Lair:2   | Found a staircase to the Swamp.
  5720 | Lair:2   | Found a transporter.
  5720 | Lair:2   | Noticed a five-headed hydra
  5720 | Lair:2   | Noticed Vorhees's ghost (journeyman DjTm)
  5722 | Lair:2   | Noticed a catoblepas
  5748 | Lair:2   | Found a transporter.
  5845 | Lair:2   | Reached XP level 13. HP: 84/116 MP: 14/14
  5925 | Lair:2   | Reached skill level 20 in Unarmed Combat
  6142 | Lair:3   | Identified the +4 dagger of Lus Zise {drain, *Slow rElec
                  | rF++ SInv}
  6155 | Lair:3   | Found a hole to the Spider Nest.
  6618 | Lair:3   | Learned a level 3 spell: Ozocubu's Armour
  6705 | Lair:3   | Gained mutation: You cannot study or use magical devices.
                  | [Ru sacrifice]
  6705 | Lair:3   | Reached ****** piety under Ru
  6727 | Lair:4   | Noticed a boulder beetle
  6733 | Lair:4   | Noticed an eight-headed hydra
  6752 | Lair:3   | Killed a boulder beetle
  6859 | Lair:4   | Killed an eight-headed hydra
  6955 | Lair:4   | Noticed a death yak
  6957 | Lair:4   | Noticed a death yak
  6958 | Lair:4   | Noticed a death yak
  6967 | Lair:4   | Killed a death yak
  6970 | Lair:4   | Killed a death yak
  6973 | Lair:4   | Killed a death yak
  7057 | Lair:4   | Reached XP level 14. HP: 113/130 MP: 15/15
  7109 | Lair:4   | Reached skill level 15 in Dodging
  7257 | Lair:4   | Reached skill level 15 in Fighting
  7482 | Lair:5   | Entered Level 5 of the Lair of Beasts
  7696 | Lair:5   | Found a staircase to the Slime Pits.
  7705 | Lair:5   | Reached skill level 21 in Unarmed Combat
  7820 | Lair:5   | Noticed Nessos
  7833 | Lair:5   | Killed Nessos
  8037 | Lair:5   | Reached skill level 22 in Unarmed Combat
  8065 | Lair:5   | Reached XP level 15. HP: 125/141 MP: 16/16
  8104 | Lair:5   | Identified the +1 robe "Wiykhliv" {rElec rC+}
  8254 | Lair:5   | Glimpsed the power of Zot.
  8303 | Lair:3   | Glimpsed the power of Zot.
  8342 | Lair:2   | Glimpsed the power of Zot.
  8351 | Lair:1   | Touched by the power of Zot.
  8415 | D:9      | Found a shadowy altar of Dithmenos.
  8503 | D:9      | Found a radiant altar of Vehumet.
  8565 | D:9      | Found a staircase to the Orcish Mines.
  8571 | Orc:1    | Entered Level 1 of the Orcish Mines
  8580 | Orc:1    | Noticed Nergalle
  8588 | Orc:1    | Killed Nergalle
  8726 | Orc:2    | Entered Level 2 of the Orcish Mines
  8748 | Orc:2    | Found a staircase to the Elven Halls.
  8821 | Orc:2    | Found Sifoghau's Distillery.
  8887 | Orc:2    | Reached skill level 23 in Unarmed Combat
  8910 | Orc:1    | Noticed Sonja
  8975 | Orc:1    | Killed Sonja
  9293 | Orc:2    | Bought a potion of might for 60 gold pieces
  9293 | Orc:2    | Bought 2 potions of attraction for 90 gold pieces
  9293 | Orc:2    | Bought a potion of lignification for 45 gold pieces
  9293 | Orc:2    | Bought a potion of curing for 45 gold pieces
  9293 | Orc:2    | Bought a potion of curing for 45 gold pieces
  9372 | Orc:2    | Noticed an orc warlord
  9414 | Orc:2    | Killed an orc warlord
  9424 | Orc:2    | Slain by a sun demon

Illustrated notes

Levels and vault maps discovered:
D:1:      nzn_arrival_water_spiral, layout_loops_ring,
          dreamdust_ecumenical_altar_statues, minmay_tetromino_l4
D:2:      minmay_wonky_spiral, layout_basic, uniq_sigmund
D:3:      layout_rooms, old_standard_altar,
          mainiacjoe_overflow_concentric_impassable,
          cheibrodos_ashenzari_chains, nzn_wu_jian_council_hall,
          gammafunk_ghost_cemetery, uniq_jessica
D:4:      minmay_octagon_keep, layout_basic, uniq_crazy_yiuf_cottage
D:5:      layout_basic, tgw_kikubaaqudgha, mainiacjoe_overflow_alcove_2,
          temple_fountains, gammafunk_ghost_arena, chequers_big_river,
          ebering_dispersal_statue_hall, uniq_duvessa
D:6:      layout_basic, nicolae_tso_swordbearing_angel, guppyfry_shop_venom
D:7:      layout_loops_corners, minmay_manual_maat, uniq_prince_ribbit1,
          uniq_menkaure, uniq_joseph
D:8:      layout_loops_ring, grunt_temple_overflow_order_and_chaos_2,
          xom_confusion_cloud, minmay_lair_entry_grove, serial_shops,
          nicolae_shop_statue_plus, shop
D:9:      layout_loops_cross, nicolae_vehumet_radiance,
          gammafunk_temple_overflow_forgotten, yredelemnul_altar_generic,
          trog_butcher_becter, uniq_pikel
Temple:   hellmonk_temple_rainy
Lair:1:   layout_chaotic_city, lemuel_fruit_tree, serial_bayou_shore_b
Lair:2:   beargit_carnivore_pack, layout_concentric_octagons,
          minmay_swamp_entry_swarm, gammafunk_ghost_arena, grunt_megastairs_3
Lair:3:   layout_cave_pods, spider_nest_entry_a
Lair:4:   layout_cave_pods, minivault_24, infiniplex_staircase_pool
Lair:5:   hangedman_lair_tendril_chambers, layout_cellular_growth,
          guppyfry_lair_end_dragon, minmay_slime_entry_jelly_boxes, uniq_nessos
Orc:1:    layout_caves, uniq_nergalle, uniq_sonja
Orc:2:    st_orc_congregation, layout_caves, serial_shops, shop,
          minmay_orc_temple_b

Skill      XL: |  1  2  3  4  5  6  7  8  9 10 11 12 13 14 15 |
---------------+----------------------------------------------+-----
Unarmed Combat | 4 5 7 8 10 11 15 18 19 20 22 23 | 23.7
Dodging        | 6 7 9 10 12 14 15 | 15.0
Fighting       | 5 7 8 10 11 13 15 | 15.0

Action                     |  1- 3 |  4- 6 |  7- 9 | 10-12 | 13-15 || total
---------------------------+-------+-------+-------+-------+-------++-------
  Melee: Unarmed           |    77 |    55 |   288 |   498 |   679 ||  1597
  Throw: Dart              |       |       |       |     2 |       ||     2
 Invoke: Sacrifice a Hand  |       |       |     1 |       |       ||     1
         Draw Out Power    |       |       |     1 |       |       ||     1
         Sacrifice Purity  |       |       |       |     1 |       ||     1
         Sacrifice Love    |       |       |       |     1 |       ||     1
         Apocalypse        |       |       |       |       |    10 ||    10
         Sacrifice Artific |       |       |       |       |     1 ||     1
  Evoke: Wand              |       |       |     3 |     9 |       ||    12
    Use: Potion            |       |     1 |       |     5 |     1 ||     7
         Scroll            |       |     9 |     2 |     5 |     6 ||    22
   Stab: Sleeping          |       |       |     1 |       |       ||     1
         Invisible         |       |       |     6 |     3 |     8 ||    17
         Distracted        |       |       |     2 |     1 |     5 ||     8
         Paralysed         |       |       |       |       |    11 ||    11
 Armour: Robe              |    11 |    11 |     9 |       |       ||    31
         Scale mail        |       |       |   124 |   141 |   151 ||   416
         Skin              |       |       |       |     3 |       ||     3
  Dodge: Dodged            |    27 |    27 |   158 |   193 |   326 ||   731
